 Dungeon Crawl Stone Soup version 0.31-a0-214-gb37851d (webtiles) character file.

Game seed: 7547150154687243529

308 lyrin the Shooter (level 6, -26/35 HPs)
             Began as a Deep Elf Hexslinger on July 1, 2023.
             Annihilated by an ogre
             ... wielding a +0 giant spiked club
              (33 damage)
             ... on level 5 of the Dungeon.
             The game lasted 00:05:16 (3119 turns).

lyrin the Shooter (Deep Elf Hexslinger)             Turns: 3119, Time: 00:05:17

Health: -26/35     AC:  6    Str:  5    XL:     6   Next: 17%
Magic:  7/10       EV: 10    Int: 18    God:
Gold:   182        SH:  0    Dex: 19    Spells: 7/8 levels left

rFire   . . .        a - +1 sling
rCold   . . .        (no shield)
rNeg    . . .        j - +0 ring mail
rPois   .            (no helmet)
rElec   .            (no cloak)
rCorr   .            c - +0 pair of gloves
SInv    .            (no boots)
Will    +....        (no amulet)
Stlth   +            (no ring)
HPRegen 0.25/turn    (no ring)
MPRegen 0.12/turn

%: no passive effects
@: no status effects
A: talons 1, strong-willed 1
a: no special abilities


You were on level 5 of the Dungeon.
You visited 1 branch of the dungeon, and saw 5 of its levels.

You collected 182 gold pieces.

Inventory:

Hand Weapons
 a - a +1 sling (weapon)
 l - a +1 dagger of venom
 m - a +1 dagger of holy wrath
Missiles
 t - 5 atropa-tipped darts
Armour
 c - a +0 pair of gloves (worn)
 j - a +0 ring mail (worn)
 r - a +0 kite shield
Scrolls
 b - a scroll of poison
 d - a scroll of identify
 e - 2 scrolls of amnesia
 f - 2 scrolls of enchant armour
 g - 3 scrolls of teleportation
 i - 2 scrolls of noise {unknown}
 k - a scroll of blinking {unknown}
 n - a scroll of torment {unknown}
 o - a scroll of butterflies {unknown}
 p - 2 scrolls of vulnerability {unknown}
 v - a scroll of immolation {unknown}
 w - a scroll of acquirement {unknown}
Potions
 h - a potion of mutation
 q - 3 potions of curing {unknown}
 s - a potion of might {unknown}
 u - a potion of ambrosia {unknown}


   Skills:
 + Level 2.0 Fighting
 + Level 7.5 Ranged Weapons
 + Level 0.6 Armour
 + Level 3.2 Dodging
 - Level 1.5 Spellcasting
 - Level 4.0 Hexes


You had 7 spell levels left.
You knew the following spells:

 Your Spells              Type           Power      Damage    Failure   Level
a - Slow                  Hex            60%        N/A       17%         1

Your spell library contained the following spells:

 Spells                   Type           Power      Damage    Failure   Level
 Confusing Touch          Hex            15%        N/A       45%         3
 Kiss of Death            Conj/Necr      4%         2d5       65%         1
 Dazzling Flash           Conj/Hex       16%        N/A       75%         3
 Inner Flame              Hex/Fire       8%         N/A       75%         3
 Portal Projectile        Hex/Tloc       16%        N/A       75%         3
 Cause Fear               Hex            7%         N/A       86%         4
 Volatile Blastmotes      Fire/Tloc      2%         2d10      95%         3
 Dispel Undead            Necr           1%         3d6       100%        4
 Iskenderun's Mystic Bla  Conj/Tloc      1%         2d3       100%        4
 Starburst                Conj/Fire      0%         6d3       100%        6


Dungeon Overview and Level Annotations

Branches:
Dungeon (5/15)
 Temple: D:4-7

Altars:
Gozag

Annotations:
D:4 Sigmund


Innate Abilities, Weirdness & Mutations

You have sharp toenails.
You are strong-willed. (Will+)


Message History

Done exploring.
Done exploring.
There is a stone staircase leading down here.
You climb downwards.
Found a scroll labelled OMAOBU HIPLUEL.
There is a stone staircase leading up here.
w - a scroll labelled OMAOBU HIPLUEL An ogre comes into view.
It is wielding a +0 giant spiked club.
You shoot a sling bullet. The sling bullet hits the ogre!
The ogre is moderately wounded.
You shoot a sling bullet. The sling bullet hits the ogre.
The ogre is moderately wounded.
You shoot a sling bullet. The sling bullet hits the ogre!
The ogre is severely wounded.
You shoot a sling bullet. The sling bullet hits the ogre.
The ogre is almost dead.
Casting: Slow (safe; 17% risk of failure)
Confirm with . or Enter, or press ? or * to list all spells.
Aiming: Slow (safe; 17% risk of failure)
Press: ? - help, Shift-Dir - straight line, f/p - ogre
Aim: an ogre, wielding a +0 giant spiked club (almost dead, chance to affect: 49%)
The ogre resists with some effort.
Casting: Slow (safe; 17% risk of failure)
Confirm with . or Enter, or press ? or * to list all spells.
Aiming: Slow (safe; 17% risk of failure)
Press: ? - help, Shift-Dir - straight line, f/p - ogre
Aim: an ogre, wielding a +0 giant spiked club (almost dead, chance to affect: 49%)
The ogre resists with some effort.
The ogre hits you with a +0 giant spiked club!!
Ouch! That really hurt!
* * * LOW HITPOINT WARNING * * *
Casting: Slow (safe; 17% risk of failure)
Confirm with . or Enter, or press ? or * to list all spells.
Aiming: Slow (safe; 17% risk of failure)
Press: ? - help, Shift-Dir - straight line, f/p - ogre
Aim: an ogre, wielding a +0 giant spiked club (almost dead, chance to affect: 49%)
The ogre seems to slow down.
The ogre hits you with a +0 giant spiked club!!
Ouch! That really hurt!
You die...

### #<# #.#
#######.# .
#.......#
..#+####.####..#
#..$.....##.#..#
#........+.....#
#.....O@.####.##
#.............#
#........######
.........#
..#+#+#### .


You could see an ogre (slow).

Vanquished Creatures
  An ogre (D:4)
  A hound (D:4)
  7 adders
  A gnoll (D:1)
  A worm (D:2)
  3 dart slugs
  An orc (D:4)
  A bat (D:3)
  9 endoplasms
  7 giant cockroaches
  7 hobgoblins
  12 jackals
  4 quokkas
  5 ball pythons
  3 frilled lizards
  20 goblins
  10 kobolds
  8 rats
101 creatures vanquished.

Notes
Turn   | Place    | Note
-------+----------+-------------------------------------------
     0 | D:1      | lyrin the Deep Elf Hexslinger began the quest for the Orb.
     0 | D:1      | Reached XP level 1. HP: 11/11 MP: 5/5
   139 | D:1      | Reached skill level 3 in Ranged Weapons
   139 | D:1      | Reached XP level 2. HP: 16/16 MP: 6/6
   261 | D:1      | Reached skill level 4 in Ranged Weapons
   372 | D:1      | Reached XP level 3. HP: 19/20 MP: 7/7
   763 | D:2      | Reached skill level 1 in Fighting
   896 | D:2      | Reached skill level 5 in Ranged Weapons
  1045 | D:2      | Reached XP level 4. HP: 25/25 MP: 8/8
  1356 | D:2      | Gained mutation: You have sharp toenails. [potion of
                  | mutation]
  1356 | D:2      | Gained mutation: You are strong-willed. (Will+) [potion of
                  | mutation]
  1975 | D:3      | Reached skill level 6 in Ranged Weapons
  2222 | D:3      | Reached XP level 5. HP: 28/29 MP: 9/9
  2278 | D:3      | Found an opulent altar of Gozag.
  2727 | D:4      | Noticed Sigmund
  2807 | D:4      | Noticed an ogre
  2876 | D:4      | Killed an ogre
  2877 | D:4      | Reached skill level 7 in Ranged Weapons
  2877 | D:4      | Reached XP level 6. HP: 35/35 MP: 10/10
  3097 | D:5      | Entered Level 5 of the Dungeon
  3119 | D:5      | Annihilated by an ogre

Illustrated notes

Levels and vault maps discovered:
D:1:      grunt_arrival_lava_bath, layout_loops_ring
D:2:      wad_river_or_something, layout_basic, minmay_surrounded
D:3:      layout_loops_ring, grunt_gozag_statues
D:4:      layout_rooms, minmay_goblin_kobold_house, uniq_sigmund
D:5:      layout_basic, minmay_temple_entry_gardened_gates

Skill      XL: |  1  2  3  4  5 |
---------------+----------------+-----
Ranged Weapons | 3 4 5 6 7 |  7.5
Fighting       | 1 2 |  2.0
Dodging        | 3 |  3.2
Armour         | |  0.6
Spellcasting   | |  1.5
Hexes          | |  4.0

Action                     |  1- 3 |  4- 6 || total
---------------------------+-------+-------++-------
   Fire: Sling             |   124 |   202 ||   326
   Cast: Slow              |       |     7 ||     7
    Use: Potion            |       |     3 ||     3
         Scroll            |       |     3 ||     3
 Armour: Robe              |    10 |     1 ||    11
         Ring mail         |       |    25 ||    25
         Skin              |       |     1 ||     1
  Dodge: Dodged            |    27 |    70 ||    97

Table legend: (Time is in decaauts)
 A = Elapsed time spent in this place.
 B = Non-inter-level travel time spent in this place.
 C = Inter-level travel time spent in this place.
 D = Time resting spent in this place.
 E = Time spent auto-exploring this place.
 F = Levels seen in this place.
 G = Mean time per level.
                   A        B        C        D        E       F      G
               +--------+--------+--------+--------+--------+-----+--------+
         Total |   3202 |   3074 |    128 |    278 |   2105 |   5 |  640.4 |
       Dungeon |   3202 |   3074 |    128 |    278 |   2105 |   5 |  640.4 |
               +--------+--------+--------+--------+--------+-----+--------+

Top non-repeatable levels by time:
     D:2: 1181 daAuts
     D:3: 759 daAuts
     D:1: 700 daAuts
     D:4: 538 daAuts
     D:5: 22 daAuts
